AoeStats
← Annibale

Arabia

510146129Analyzed
3v3 RM · 3d ago on Sep 29, 2026· 55m 52s· 6 players
Game mode
Random Map
Map size
Normal (6 player)
Population
200
Speed
Normal
Resources
Standard
Victory
Conquest
Starting age
Dark Age
Ending age
Imperial Age
RankedLock teamsTeams togetherTeam positionsShared explorationLock speedFull tech treeHidden civsTurbo modeCheats
Victory
Defeat
🇱🇺 Vietnamese · Luxembourg
1089
+15
🇱🇺 Burgundians · Luxembourg
1030
+18
🇦🇹 Dravidians · Austria
1011
+19
🇩🇪 Persians · Germany
1082
-18
🇩🇪 Berbers · Germany
1069
-17
🇩🇪 Vietnamese · Germany
1067
-17
Roland Papier
7:15 Loom
10:01 Feudal Age
12:05 Fletching
13:11 Padded Archer Armor
18:12 Double-Bit Axe
22:12 Castle Age
21:51 Horse Collar
22:04 Gold Mining
23:00 Bodkin Arrow
22:34 Crossbowman
28:58 Bow Saw
28:54 Heavy Plow
30:21 Ballistics
31:40 Wheelbarrow
33:07 Stone Mining
37:54 Imperial Age
35:59 Town Watch
36:29 Hand Cart
38:29 Stone Shaft Mining
39:14 Bracer
39:29 Leather Archer Armor
39:20 Scale Barding Armor
39:26 Forging
40:22 Paper Money
40:04 Elite Rattan Archer
40:58 Bloodlines
40:49 Husbandry
42:22 Fortified Wall
43:13 Chemistry
43:19 Ring Archer Armor
43:11 Chain Barding Armor
44:21 Hoardings
48:42 Elite Skirmisher
49:28 Thumb Ring
51:18 Chatras
52:29 Town Patrol
Jeki
7:11 Loom
9:42 Feudal Age
9:46 Man-at-Arms
10:32 Double-Bit Axe
20:40 Castle Age
20:32 Fletching
20:43 Padded Archer Armor
23:23 Horse Collar
24:40 Bow Saw
26:34 Thumb Ring
29:19 Bodkin Arrow
29:40 Leather Archer Armor
33:01 Heavy Plow
34:17 Husbandry
35:28 Wheelbarrow
35:43 Town Watch
41:05 Imperial Age
39:14 Medical Corps
41:46 Bracer
42:17 Ring Archer Armor
42:16 Ballistics
43:11 Hand Cart
42:57 Town Patrol
42:32 Elite Elephant Archer
frankyletzebuerg
10:20 Feudal Age
9:09 Double-Bit Axe
9:28 Horse Collar
13:30 Loom
16:16 Castle Age
17:13 Cavalier
19:00 Gold Mining
27:47 Wheelbarrow
30:12 Gold Shaft Mining
29:27 Stone Mining
30:01 Bow Saw
29:57 Heavy Plow
30:48 Scale Barding Armor
32:12 Scale Mail Armor
33:01 Squires
34:50 Crop Rotation
36:51 Hand Cart
39:21 Imperial Age
37:07 Hand Cart
38:23 Husbandry
38:35 Forging
38:47 Chain Barding Armor
39:07 Town Watch
39:34 Arson
40:38 Iron Casting
39:54 Paladin
41:58 Fletching
42:44 Plate Barding Armor
42:13 Elite Skirmisher
44:42 Conscription
45:51 Ballistics
46:32 Chemistry
47:40 Two-Man Saw
49:50 Blast Furnace
50:21 Sappers
51:27 Hoardings
50:59 Burgundian Vineyards
50:29 Imperial Skirmisher
51:11 Bodkin Arrow
51:17 Padded Archer Armor
54:26 Bracer
54:43 Leather Archer Armor
Annibale
10:11 Feudal Age
12:15 Scale Barding Armor
12:46 Double-Bit Axe
17:02 Loom
20:32 Castle Age
21:10 Gold Mining
21:34 Bow Saw
27:24 Forging
35:11 Husbandry
35:22 Bloodlines
35:06 Fletching
36:15 Town Watch
37:06 Wheelbarrow
40:35 Chain Barding Armor
40:51 Iron Casting
41:05 Gold Shaft Mining
41:07 Horse Collar
50:46 Imperial Age
49:08 Elite Skirmisher
52:54 Imperial Skirmisher
53:54 Hand Cart
strater11
8:09 Loom
10:47 Feudal Age
12:18 Double-Bit Axe
13:13 Horse Collar
21:52 Castle Age
20:25 Fishing Lines
21:02 Bloodlines
21:05 Scale Barding Armor
21:16 Fletching
22:58 Chain Barding Armor
23:43 Forging
26:42 Iron Casting
27:39 Husbandry
29:52 Wheelbarrow
32:21 Gold Mining
33:54 Bodkin Arrow
35:39 Hand Cart
38:14 Imperial Age
36:19 Kasbah
36:36 Padded Archer Armor
37:57 Leather Archer Armor
38:36 Ballistics
39:58 Chemistry
38:36 Heavy Camel Rider
39:19 Bracer
39:52 Town Watch
40:23 Thumb Ring
40:36 Bow Saw
40:29 Heavy Plow
42:01 Elite Camel Archer
43:37 Maghrebi Camels
44:24 Ring Archer Armor
43:30 Light Cavalry
45:04 Gold Shaft Mining
45:41 Conscription
46:17 Plate Barding Armor
45:33 Hussar
48:59 Blast Furnace
Beta
7:45 Loom
10:32 Feudal Age
14:46 Wheelbarrow
14:18 Town Watch
15:41 Fletching
15:51 Padded Archer Armor
20:55 Gold Mining
24:00 Castle Age
24:00 Double-Bit Axe
23:58 Horse Collar
25:04 Bodkin Arrow
24:44 Crossbowman
29:06 Leather Archer Armor
29:54 Squires
29:30 Elite Skirmisher
41:22 Imperial Age
41:28 Bow Saw
41:31 Heavy Plow
42:44 Ballistics
42:35 Bracer
41:59 Imperial Skirmisher
42:31 Arbalester
44:58 Thumb Ring
46:28 Hand Cart
46:54 Pikeman
49:53 Hoardings
Connection lost

Rejoining the realm…

Still unreachable

The connection could not be restored.

Session expired

The server has moved on; the page needs a fresh start.